 Dungeon Crawl Stone Soup version 0.30-a0-1035-g38d5fb2972 (webtiles) character file.

Game seed: 16577120368529427179

8 Xodia the Grave Robber (level 2, -1/15 HPs)
             Began as a Deep Elf Necromancer on Apr 9, 2023.
             Slain by a worm (7 damage)
             ... on level 2 of the Dungeon.
             The game lasted 00:03:59 (505 turns).

Xodia the Grave Robber (Deep Elf Necromancer)        Turns: 505, Time: 00:04:00

Health: -1/15      AC:  2    Str:  5    XL:     2   Next: 0%
Magic:  7/8        EV: 12    Int: 19    God:
Gold:   40         SH:  0    Dex: 15    Spells: 6/7 levels left

rFire   . . .      SeeInvis .    d - +0 dagger
rCold   . . .      Faith    .    (no shield)
rNeg    . . .      Spirit   .    a - +0 robe
rPois   .          Reflect  .    (no helmet)
rElec   .          Rampage  .    (no cloak)
rCorr   .                        (no gloves)
Will    +....                    (no boots)
Stlth   ++                       (no amulet)
HPRegen 0.22/turn                e - ring of willpower
MPRegen 0.11/turn                (no ring)

@: no status effects
A: no striking features
a: no special abilities


You were on level 2 of the Dungeon.
You visited 1 branch of the dungeon, and saw 2 of its levels.

You collected 40 gold pieces.

Inventory:

Hand Weapons
 d - a +0 dagger (weapon)
Armour
 a - a +0 robe (worn)
Jewellery
 e - a ring of willpower (left hand)
Potions
 b - a potion of magic
 c - a potion of might {unknown}
 f - a potion of lignification {unknown}
 g - a potion of curing {unknown}


   Skills:
 + Level 0.3 Fighting
 + Level 2.6 Dodging
 + Level 2.4 Stealth
 + Level 3.1 Spellcasting
 + Level 5.0 Necromancy


You had 6 spell levels left.
You knew the following spells:

 Your Spells              Type           Power      Damage    Failure   Level
a - Necrotise             Necr           88%        1d8       1%          1

Your spell library contained the following spells:

 Spells                   Type           Power      Damage    Failure   Level
 Vampiric Draining        Necr           22%        2d7       5%          3
 Animate Dead             Necr           22%        N/A       19%         4
 Agony                    Necr           22%        N/A       45%         5


Dungeon Overview and Level Annotations

Branches:
Dungeon (2/15)

Altars:


Message History

Unknown command.
You now have 32 gold pieces (gained 13).
Your goblin skeleton crumbles into dust!
e - a ring of willpower
e - a ring of willpower (left hand)
Found a fizzy brown potion.
f - a fizzy brown potion
There is a stone staircase leading down here.
There is a stone staircase leading down here.
There is a stone staircase leading down here.
You climb downwards.
Found an escape hatch in the floor.
Found a stone staircase leading down.
There is a stone staircase leading up here.
There is a stone staircase leading up here.
Found 8 gold pieces.
Found a clear potion.
g - a clear potion You now have 40 gold pieces (gained 8).
A worm comes into view.
Found an escape hatch in the ceiling.
A jackal comes into view.
Found a scroll labelled SEBBESHUFYRCH.
A hobgoblin comes into view.
A jackal comes into view.
The jackal barks!
You hear a bark!
Aiming: Necrotise (safe; 1% risk of failure)
Press: ? - help, Q - select action Shift-Dir - straight line, f - worm
Aim: a worm (chance to affect: 86%)
The worm writhes in agony.
A frilled lizard comes into view.
The worm bites you!
Ouch! That really hurt!
The hobgoblin shouts!
The frilled lizard hisses angrily.
You hit the worm but do no damage.
The worm is lightly wounded.
The jackal closely misses you.
You barely miss the worm.
The worm is lightly wounded.
The jackal barely misses you. The jackal bites you. The worm bites you!
You die...

# #............
#.#......?.....
#.#............
.............. #.
#............
#.########...........
#........+..hh.......
#......#..@w...lg..
#......#......<....
#.........#+#......
+.......#.#.#.#####
#.......#.#.#.#
#.......#.#.#.#
+.........#.#.###>#
#.......###.......#
#..........<..#####


You could see a worm, 2 jackals, a hobgoblin and a frilled lizard.

Vanquished Creatures
  2 giant cockroaches (D:1)
  2 goblins (D:1)
  A ball python (D:1)
  A bat (D:1)
  A kobold (D:1)
  A rat (D:1)
8 creatures vanquished.

Vanquished Creatures (collateral kills)
  A ball python (D:1)
1 creature vanquished.

Grand Total: 9 creatures vanquished

Notes
Turn   | Place    | Note
-------+----------+-------------------------------------------
     0 | D:1      | Xodia the Deep Elf Necromancer began the quest for the Orb.
     0 | D:1      | Reached XP level 1. HP: 10/10 MP: 6/6
   293 | D:1      | Reached skill level 5 in Necromancy
   359 | D:1      | Reached XP level 2. HP: 13/15 MP: 8/8
   505 | D:2      | Slain by a worm

Illustrated notes

Levels and vault maps discovered:
D:1:      tekkud_arrival_beachfront_property, layout_basic, serial_shops,
          nicolae_shop_stone
D:2:      layout_basic

Skill      XL: |  1 |
---------------+----+-----
Necromancy     | 5 |  5.0
Fighting       | |  0.3
Dodging        | |  2.6
Stealth        | |  2.4
Spellcasting   | |  3.1

Action                     || total
---------------------------++-------
  Melee: Unarmed           ||    99
         Punch             ||     4
         Dagger            ||     4
   Cast: Necrotise         ||     4
   Stab: Sleeping          ||     1
 Armour: Robe              ||    24
  Dodge: Dodged            ||    70

Table legend: (Time is in decaauts)
 A = Elapsed time spent in this place.
 B = Non-inter-level travel time spent in this place.
 C = Inter-level travel time spent in this place.
 D = Time resting spent in this place.
 E = Time spent auto-exploring this place.
 F = Levels seen in this place.
 G = Mean time per level.
                   A        B        C        D        E       F      G
               +--------+--------+--------+--------+--------+-----+--------+
         Total |    503 |    490 |     13 |      0 |      0 |   2 |  251.5 |
       Dungeon |    503 |    490 |     13 |      0 |      0 |   2 |  251.5 |
               +--------+--------+--------+--------+--------+-----+--------+

Top non-repeatable levels by time:
     D:1: 470 daAuts
     D:2: 33 daAuts
